 Seeded DCSS version 0.30.1 (webtiles) character file.

Game seed: 424073725385337585 (custom seed)

19538 McKennaii the Destroyer (level 12, -5/81 HPs)
             Began as a Demigod Conjurer on July 12, 2023.
             Shot with an arrow by Nessos (25 damage)
             ... on level 13 of the Dungeon.
             The game lasted 00:18:30 (16980 turns).

McKennaii the Destroyer (Demigod Conjurer)         Turns: 16980, Time: 00:18:30

Health: -5/81      AC: 13    Str: 10    XL:     12   Next: 10%
Magic:  26/33      EV: 17    Int: 39    God:
Gold:   636        SH:  0    Dex: 12    Spells: 29/36 levels left

rFire   . . .        J - staff of air "Cuatsog" {rElec Str+2 Int+3}
rCold   . . .        O - sphere of Battle
rNeg    . . .        I - +0 steam dragon scales
rPois   .            u - +0 helmet
rElec   +            A - +0 cloak
rCorr   .            h - +0 pair of gloves
SInv    .            j - +0 pair of boots
Will    +....        i - amulet of regeneration
Stlth   ++           w - +4 ring of protection
HPRegen 1.13/turn    y - +5 ring of evasion
MPRegen 0.23/turn

%: no passive effects
@: lethally poisoned (-5 -> -7)
A: high MP 1, forlorn, divine attributes
a: no special abilities


You were on level 13 of the Dungeon.
You visited 1 branch of the dungeon, and saw 13 of its levels.
You also visited: Bailey.

You collected 749 gold pieces.
You spent 113 gold pieces at shops.

Inventory:

Hand Weapons
 C - a +5 heavy spear
Armour
 h - a +0 pair of gloves (worn)
 j - a +0 pair of boots (worn)
 u - a +0 helmet (worn)
 A - a +0 cloak (worn)
 I - +0 steam dragon scales (worn)
 M - a +1 buckler of protection
 O - the sphere of Battle (worn)
   (You found it on level 10 of the Dungeon)

   It enhances your destructive magic.
   It weakens your non-destructive magic.
   It summons a battlesphere in combat, with strength depending on Conjurations
   skill.
Magical Staves
 x - a staff of cold
 D - a staff of conjuration
 J - the staff of air "Cuatsog" (weapon) {rElec Str+2 Int+3}
   (You found it in a bailey)

   [staff of air]

   Base accuracy: +5 Base damage: 5 Base attack delay: 1.2 This weapon's minimum
   attack delay (0.6) is reached at skill level 12.
   Str:       It affects your strength (+2).
   Int:       It affects your intelligence (+3).
   rElec:     It insulates you from electricity.
   It falls into the 'Staves' category.
   It is a one-handed weapon.
Jewellery
 i - an amulet of regeneration (around neck)
 w - a +4 ring of protection (left hand)
 y - a +5 ring of evasion (right hand)
 K - a ring of ice
Wands
 a - a wand of quicksilver (16)
 q - a wand of paralysis (13)
 Q - a wand of roots (7)
 R - a wand of mindburst (7)
Scrolls
 d - 4 scrolls of butterflies
 f - 4 scrolls of amnesia
 m - 2 scrolls of magic mapping
 n - 6 scrolls of teleportation
 o - 3 scrolls of blinking
 p - 2 scrolls of fear
 r - 2 scrolls of vulnerability
 t - a scroll of acquirement {unknown}
 v - 2 scrolls of enchant weapon {unknown}
 E - a scroll of enchant armour {unknown}
 G - a scroll of poison
 N - a scroll of silence {unknown}
Potions
 b - a potion of magic
 e - 7 potions of curing
 g - 2 potions of haste
 k - 3 potions of attraction
 l - 5 potions of heal wounds
 s - a potion of cancellation
 z - 3 potions of degeneration {unknown}
 B - 4 potions of ambrosia {unknown}
 H - 2 potions of brilliance {unknown}
 L - a potion of might {unknown}
 P - a potion of flight


   Skills:
 - Level 1.7 Dodging
 - Level 1.7 Stealth
 + Level 12.5 Spellcasting
 + Level 13.8 Conjurations


You had 29 spell levels left.
You knew the following spells:

 Your Spells              Type           Power      Damage    Failure   Level
a - Magic Dart            Conj           100%       1d8       0%          1
b - Searing Ray           Conj           100%       2d8       0%          2
c - Iskenderun's Mystic   Conj/Tloc      87%        2d17      1%          4

Your spell library contained the following spells:

 Spells                   Type           Power      Damage    Failure   Level
 Summon Small Mammal      Summ           48%        N/A       1%          1
 Dazzling Flash           Conj/Hex       100%       N/A       1%          3
 Fulminant Prism          Conj/Hex       43%        3d19      1%          4
 Sublimation of Blood     Necr           12%        N/A       2%          2
 Wereblood                Tmut           12%        N/A       2%          2
 Call Canine Familiar     Summ           12%        N/A       4%          3
 Portal Projectile        Hex/Tloc       24%        N/A       4%          3
 Summon Guardian Golem    Hex/Summ       12%        N/A       4%          3
 Tukima's Dance           Hex            12%        N/A       4%          3
 Vampiric Draining        Necr           12%        2d6       4%          3
 Petrify                  Tmut/Erth      12%        N/A       14%         4
 Blade Hands              Tmut           6%         N/A       38%         5
 Summon Forest            Summ/Tloc      6%         N/A       38%         5
 Yara's Violent Unravell  Hex/Tmut       18%        3d9       38%         5
 Eringya's Noxious Bog    Tmut/Pois      18%        N/A       92%         6
 Summon Hydra             Summ           6%         N/A       100%        7
 Chain Lightning          Conj/Air       54%        3d72      100%        9
 Fire Storm               Conj/Fire      43%        8d11      100%        9
 Shatter                  Erth           18%        3d17*     100%        9


Dungeon Overview and Level Annotations

Branches:
Dungeon (13/15)            Temple (0/1) D:5            Lair (0/5) D:10
    Orc (0/2) D:12         Bailey (visited)
 Vaults: D:13-14

Shops:
D:5 *   D:6 =

Annotations:
D:5 3 runed translucent doors, SuvarnaParana's ghost, novice DECj
D:13 Nessos


Innate Abilities, Weirdness & Mutations

You have an increased reservoir of magic. (+10% MP)
You shall have no god before yourself.
Your divine heritage dramatically boosts your attributes as you level up.


Message History

Unknown command.
Unknown command.
Casting: Searing Ray (safe; 0% risk of failure)
Confirm with . or Enter, or press ? or * to list all spells.
You feel a surge of power!
You erupt in a blast of force!
The mystic blast hits Nessos!
Nessos is moderately wounded.
Nessos is knocked back by the mystic blast.
* * * LOW HITPOINT WARNING * * *
You feel very sick.
Your battlesphere fires!
The barrage of energy hits Nessos.
Nessos is heavily wounded.
Nessos shoots an arrow.
The arrow barely misses you.
Nessos shoots an arrow.
The arrow barely misses you.
You feel much better.
You feel very sick.
Nessos shoots an arrow.
The arrow closely misses you.
Unknown command.
Unknown command.
You feel better.
Nessos shoots an arrow.
The arrow hits you!!
* * * LOW HITPOINT WARNING * * *
The arrow burns you!
You are poisoned.
* * * LOW HITPOINT WARNING * * *
Nessos shoots an arrow.
The arrow completely misses you.
Unknown command.
Unknown command.
Unknown command.
You feel much better.
You feel very sick.
Nessos shoots an arrow.
The arrow misses you.
Nessos pounds the earth with their hooves.
Nessos mumbles some strange words.
Nessos blinks!
Unknown command.
You feel very sick.
Nessos shoots an arrow.
The arrow misses you.
Nessos shoots an arrow.
The arrow hits you!!
You die...

. ..##### .......
.......##########
.......#........+
.......@.....^.#
.......#....*..##+
..##+###ยง......... #..
#.......##.
#...##......c#
#.............#
######........#
###...##.......##
.........#..............#


You could see Nessos (fast, ally target) and a friendly battlesphere.

Vanquished Creatures
  A hydra (D:13)
  2 two-headed ogres
  2 ugly things (D:13)
  2 manticores
  A gargoyle (D:12)
  An unseen horror (D:11)
  3 kobold demonologists (D:12)
  3 tengu conjurers (D:10)
  A troll (D:13)
  14 slime creatures
  4 wraiths
  2 vampires
  3 shadows
  A basilisk (D:13)
  5 yaks (D:9)
  7 vampire mosquitoes (D:12)
  7 steam dragons
  An acid dragon (D:12)
  5 orc warriors
  2 ice beasts (D:5)
  2 sky beasts (D:7)
  2 black bears
  2 ogres
  13 centaurs
  4 wolves (Bailey)
  3 phantoms (D:6)
  4 kobold brigands
  4 bullfrogs
  14 gnoll sergeants
  3 scorpions
  20 killer bees
  7 howler monkeys
  2 jellies
  10 gnoll boudas
  Crazy Yiuf (D:4)
  7 hounds
  10 orc priests
  4 sleepcaps
  Ijyb (D:3)
  5 iguanas
  7 orc wizards
  Robin (D:4)
  38 gnolls
  5 adders
  A white imp (D:6)
  An ufetubus (D:6)
  6 dart slugs
  32 orcs
  4 ball pythons
  7 bats
  13 endoplasms
  5 giant cockroaches
  21 goblins
  14 hobgoblins
  13 jackals
  4 quokkas
  A frilled lizard (D:2)
  11 kobolds
  7 rats
  A spectral orc (D:6)
377 creatures vanquished.

Vanquished Creatures (others)
  A wizard (D:9)
1 creature vanquished.

Grand Total: 378 creatures vanquished

Notes
Turn   | Place    | Note
-------+----------+-------------------------------------------
     0 | D:1      | McKennaii the Demigod Conjurer began the quest for the Orb.
     0 | D:1      | Reached XP level 1. HP: 14/14 MP: 5/5
   336 | D:1      | Reached XP level 2. HP: 20/20 MP: 5/7
   339 | D:1      | Learned a level 2 spell: Searing Ray
   405 | D:1      | Reached skill level 4 in Conjurations
   980 | D:1      | Reached XP level 3. HP: 26/26 MP: 5/9
  1807 | D:2      | Got Sif Muna's Book of the Gestalt and Diablerie
  2784 | D:3      | Reached XP level 4. HP: 33/33 MP: 9/11
  2789 | D:3      | Learned a level 4 spell: Iskenderun's Mystic Blast
  3464 | D:3      | Noticed Ijyb
  3475 | D:3      | Killed Ijyb
  3476 | D:3      | Reached XP level 5. HP: 20/38 MP: 0/13
  3792 | D:4      | Reached skill level 5 in Conjurations
  4537 | D:4      | Reached XP level 6. HP: 30/45 MP: 7/15
  4538 | D:4      | Noticed Robin
  4634 | D:4      | Killed Robin
  4873 | D:4      | Found a runed translucent door.
  4874 | D:4      | Noticed Crazy Yiuf
  5016 | D:5      | Entered Level 5 of the Dungeon
  5225 | D:5      | Reached skill level 6 in Conjurations
  5278 | D:5      | Found a runed translucent gate.
  5278 | D:5      | Found a runed translucent gate.
  5282 | D:5      | Found a runed translucent gate.
  5291 | D:5      | Reached skill level 5 in Spellcasting
  5291 | D:5      | Reached XP level 7. HP: 50/50 MP: 8/17
  5826 | D:5      | Reached skill level 7 in Conjurations
  6139 | D:4      | Killed Crazy Yiuf
  6290 | D:5      | Reached XP level 8. HP: 42/57 MP: 14/20
  6386 | D:5      | Found a staircase to the Ecumenical Temple.
  6858 | D:5      | Noticed a hornet
  6858 | D:5      | Noticed SuvarnaParana's ghost (novice DECj)
  6913 | D:5      | Reached skill level 8 in Conjurations
  7131 | D:5      | Found Wovow's Assorted Antiques.
  7135 | D:5      | Bought a scroll labelled QAUHUI QEFITS for 29 gold pieces
  7135 | D:5      | Bought a scroll labelled QAUHUI QEFITS for 29 gold pieces
  7135 | D:5      | Bought a scroll labelled QAUHUI QEFITS for 29 gold pieces
  7135 | D:5      | Bought a white potion for 26 gold pieces
  7890 | D:6      | Reached XP level 9. HP: 54/62 MP: 11/24
  8099 | D:6      | Found Dutzeamp's Jewellery Emporium.
  8615 | D:7      | Reached skill level 9 in Conjurations
  9586 | D:8      | Reached skill level 10 in Conjurations
  9787 | D:8      | Found a flagged portal.
  9888 | Bailey   | Entered a bailey
 10556 | Bailey   | Reached XP level 10. HP: 69/69 MP: 20/27
 10710 | Bailey   | Identified the staff of air "Cuatsog" {rElec Str+2 Int+3}
 11716 | D:8      | Reached skill level 11 in Conjurations
 12352 | D:9      | Reached skill level 10 in Spellcasting
 13172 | D:9      | Noticed a wizard
 13177 | D:9      | Killed a wizard
 13234 | D:10     | Entered Level 10 of the Dungeon
 13345 | D:10     | Found a staircase to the Lair.
 13715 | D:10     | Noticed a two-headed ogre
 13724 | D:10     | Killed a two-headed ogre
 14156 | D:10     | Found the sphere of Battle
 14171 | D:10     | Reached skill level 12 in Conjurations
 14171 | D:10     | Reached XP level 11. HP: 74/74 MP: 12/30
 15231 | D:12     | Noticed a two-headed ogre
 15239 | D:12     | Killed a two-headed ogre
 15485 | D:12     | Reached skill level 13 in Conjurations
 15779 | D:12     | Found a staircase to the Orcish Mines.
 16743 | D:13     | Reached XP level 12. HP: 81/81 MP: 19/33
 16875 | D:13     | Noticed a five-headed hydra
 16879 | D:13     | Killed a five-headed hydra
 16968 | D:13     | Noticed Nessos
 16980 | D:13     | Shot with an arrow by Nessos

Illustrated notes

Levels and vault maps discovered:
D:1:      evilmike_arrival_crescent, layout_loops_corners
D:2:      layout_basic, minmay_misc_feat_cross, kennysheep_cross_room
D:3:      layout_rooms, nzn_wu_jian_contemplation, uniq_ijyb
D:4:      layout_loops_ring, uniq_robin, uniq_crazy_yiuf_cottage
D:5:      layout_cave_pools, minmay_temple_entry_hall, serial_gnoll_camp,
          gnoll_camp_mini_house, gnoll_camp_mini_shop, gnoll_camp_mini_basic,
          gnoll_camp_medium_02, gnoll_camp_medium_01, ebering_ghost_gozag,
          lemuel_flame_loot_1
D:6:      layout_cave_pools, yredelemnul_forgotten_temple_becter, serial_shops,
          nicolae_shop_rolling_square
D:7:      layout_basic, grunt_decor_clamped
D:8:      minmay_recursive_quarters, layout_rooms,
          mainiacjoe_overflow_surrounded_room, cheibrodos_ashenzari_chains,
          kennysheep_slug_shrine, nicolae_vehumet_radiance,
          mainiacjoe_overflow_boulevard, enter_bailey_5, serial_glass,
          glass_columns_a, glass_columns_a, glass_columns_c, glass_columns_b,
          glass_columns_b, glass_columns_c, glass_columns_c, glass_columns_a,
          glass_columns_a, glass_columns_a, due_unseen_surprise,
          feat_on_display, item_on_display_a, item_on_display_a,
          grunt_decor_arrowhead, amcnicky_mini_corridor_feature
D:9:      layout_loops_ring, trog_wizard, mainiacjoe_overflow_cross_hatched
D:10:     layout_stronghold, lair_entry_dummy,
          hellmonk_guarded_unrand_sphere_of_battle
D:11:     layout_roguey
D:12:     layout_small_grid, erik_orc_4
D:13:     layout_gridville, uniq_nessos

Skill      XL: |  1  2  3  4  5  6  7  8  9 10 11 |
---------------+----------------------------------+-----
Spellcasting   | 2 3 4 5 6 7 9 10 12 | 12.5
Conjurations   | 4 5 6 7 8 10 12 13 | 13.8
Dodging        | |  1.7
Stealth        | |  1.7

Action                     |  1- 3 |  4- 6 |  7- 9 | 10-12 || total
---------------------------+-------+-------+-------+-------++-------
  Melee: Unarmed           |    30 |    39 |       |       ||    69
         Staff             |       |       |    11 |    19 ||    30
   Cast: Magic Dart        |    91 |   118 |   169 |   195 ||   573
         Searing Ray       |     5 |    19 |    76 |    50 ||   150
         Iskenderun's Myst |       |       |    19 |    57 ||    76
  Evoke: Wand              |       |       |       |     2 ||     2
    Use: Scroll            |       |       |       |    14 ||    14
         Potion            |       |       |       |     4 ||     4
 Armour: Robe              |    19 |    15 |    15 |       ||    49
         Steam dragon scal |       |       |    21 |    48 ||    69
  Dodge: Dodged            |    46 |    48 |   109 |   158 ||   361
